 Dungeon Crawl Stone Soup version 0.26.1-11-gd32895ea62 (webtiles) character file.

Game seed: 11094920076282828742

149 Zeld the Sneak (level 5, 0/34 HPs)
             Began as an Octopode Brigand on May 14, 2021.
             Killed from afar by an orc wizard (4 damage)
             ... with a magic dart
             ... on level 3 of the Dungeon.
             The game lasted 00:06:05 (3101 turns).

Zeld the Sneak (Octopode Brigand)                   Turns: 3101, Time: 00:06:06

Health: 0/34       AC:  1    Str: 11    XL:     5   Next: 31%
Magic:  7/7        EV: 13    Int: 13    God:
Gold:   134        SH:  0    Dex: 14    Spells: 8/8 levels left

rFire    . . .     SeeInvis .   a - +2 dagger
rCold    . . .     Faith    .   (no shield)
rNeg     . . .     Spirit   .   (helmet restricted)
rPois    .         Reflect  .   (no amulet)
rElec    .         Harm     .   (no ring)
rCorr    .         Rampage  .   (no ring)
Will     .....                  (no ring)
Stlth    ++++......             (no ring)
HPRegen  0.11/turn              (no ring)
MPRegen  0.10/turn              (no ring)
                                (no ring)
                                (no ring)

@: no status effects
A: almost no armour, stealthy swim, amphibious, 8 rings, constrict 8, camouflage
1, low mp 1, screaming 1, gelatinous body 1, evolution 1
a: no special abilities


You were on level 3 of the Dungeon.
You visited 1 branch of the dungeon, and saw 3 of its levels.

You collected 134 gold pieces.

Inventory:

Hand Weapons
 a - a +2 dagger (weapon)
Missiles
 b - 8 poisoned darts (quivered)
 c - 2 curare-tipped darts
Scrolls
 h - 2 scrolls of identify {unknown}
 j - 3 scrolls of remove curse {unknown}
 k - 2 scrolls of teleportation {unknown}
Potions
 g - a potion of haste


   Skills:
 - Level 2.0 Fighting
 - Level 2.0 Short Blades
 * Level 4.5 Throwing
 - Level 1.0 Dodging
 - Level 5.3 Stealth
 + Level 2.2 Spellcasting


You had 8 spell levels left.
You didn't know any spells.
Your spell library contained the following spells:

 Spells                   Type           Power        Failure   Level
 Animate Skeleton         Necr           2%           26%         1
 Apportation              Tloc           2%           26%         1
 Corona                   Hex            1%           26%         1
 Summon Small Mammal      Summ           4%           26%         1


Dungeon Overview and Level Annotations

Branches:
Dungeon (3/15)

Altars:
Hepliaklqana
Makhleb
Ru
Xom
The Shining One


Innate Abilities, Weirdness & Mutations

You cannot wear most types of armour.
You are very stealthy in the water. (Stealth+)
You are amphibious.
You can wear up to eight rings at the same time.
You can use your tentacles to constrict eight enemies at once.
Your skin changes colour to match your surroundings (Stealth+).
Your rubbery body absorbs attacks. (AC +1, EV +1)
Your magical capacity is low. (-10% MP)
You occasionally shout uncontrollably at your foes.
You evolve.


Message History

You are too injured to fight recklessly!
You are too injured to fight recklessly!
You hit the orc. Your grab misses the orc.
The orc is severely wounded.
The orc wizard casts a spell at itself.
The orc wizard flickers and vanishes!
The orc closely misses you.
You closely miss the orc. Your grab misses the orc.
The orc is severely wounded.
You hit the orc.
You kill the orc!
You hear some strange, mumbled words.
A puff of flame appears from out of thin air!
The puff of flame hits you!
* * * LOW HITPOINT WARNING * * *
A magic dart appears from out of thin air!
The magic dart hits something!
You hear some strange, mumbled words.
A magic dart appears from out of thin air!
The magic dart hits you.
You die...

##. .... #.. ..# #..##..#
##.## ### ### #..#..o# #
#...# #.. ....#..#.#.#.#
#...######.# ...........#.#
#..........#
#.......#####...###.....
#.#...###...........#...
........#.{@).........).....
..........###..........†#...
.......#.###
#####...###.#... ....##...#
#........).. ###. #.#.#
#...#####... # #.#.# #...#
#... . ..# ##.## #..# # #.#
#.)# #.# #...


There were no monsters in sight!

Vanquished Creatures
  Robin (D:3)
  5 adders (D:2)
  2 dart slugs
  5 orcs (D:3)
  8 bats
  3 giant cockroaches
  15 goblins
  9 hobgoblins
  6 jackals (D:1)
  8 kobolds
  2 quokkas
  A ball python (D:2)
  7 frilled lizards
  12 rats
84 creatures vanquished.

Notes
Turn   | Place    | Note
-------+----------+-------------------------------------------
     0 | D:1      | Zeld the Octopode Brigand began the quest for the Orb.
     0 | D:1      | Reached XP level 1. HP: 14/14 MP: 1/1
   110 | D:1      | Reached XP level 2. HP: 18/19 MP: 2/2
   479 | D:1      | Reached skill level 1 in Spellcasting
   699 | D:1      | Reached XP level 3. HP: 20/24 MP: 4/4
  1752 | D:2      | Reached XP level 4. HP: 28/29 MP: 6/6
  2073 | D:2      | Found a glowing golden altar of the Shining One.
  2075 | D:2      | Found a burning altar of Makhleb.
  2078 | D:2      | Found a sacrificial altar of Ru.
  2171 | D:2      | Found a hazy altar of Hepliaklqana.
  2391 | D:2      | Found a shimmering altar of Xom.
  2531 | D:3      | Reached XP level 5. HP: 26/34 MP: 8/8
  2674 | D:3      | Noticed Robin
  2689 | D:3      | Gained mutation: You occasionally shout uncontrollably at
                  | your foes. [potion of mutation]
  2689 | D:3      | Gained mutation: Your magical capacity is low. (-10% MP)
                  | [potion of mutation]
  2689 | D:3      | Gained mutation: You evolve. [potion of mutation]
  2689 | D:3      | HP: 1/51 [goblin[Robin] (2)]
  2704 | D:3      | Killed Robin
  3101 | D:3      | Killed from afar by an orc wizard

Illustrated notes

Levels and vault maps discovered:
D:1:      elethiomel_arrival_shortcut, layout_rooms
D:2:      layout_rooms, nicolae_overflow_hidden_temple
D:3:      layout_loops_cross, chequers_ecumenical_altar_simple_redux,
          hangedman_decor_points, nicolae_underground_beach, uniq_jessica,
          uniq_robin

Skill      XL: |  1  2  3  4 |
---------------+-------------+-----
Spellcasting   | 1 2 |  2.2
Throwing       | 3 4 |  4.5
Fighting       | |  2.0
Short Blades   | |  2.0
Dodging        | |  1.0
Stealth        | |  5.3

Action                   |  1- 3 |  4- 6 || total
-------------------------+-------+-------++-------
Melee: Dagger            |    89 |    81 ||   170
       Constrict         |    19 |    21 ||    40
       Tentacles         |     7 |     8 ||    15
  Use: Potion            |       |     5 ||     5
 Stab: Sleeping          |     7 |     3 ||    10
       Distracted        |     1 |       ||     1
Armor: Skin              |     7 |    29 ||    36
Dodge: Dodged            |    52 |    46 ||    98
